 Seeded DCSS version 0.27.1-36-g1b1ada6b1e (webtiles) character file.

Game seed: 1001837481477946641 (custom seed)

191303 tkbsonic5 the Warrior (level 18, -4/159 HPs)
             Began as a Palentonga Abyssal Knight on Feb 10, 2023.
             Was an Elder of Lugonu.
             Slain by a naga (20 damage)
             ... on level 4 of the Snake Pit on Feb 13, 2023.
             The game lasted 02:47:24 (36317 turns).

tkbsonic5 the Warrior (Palentonga Abyssal Knight)  Turns: 36317, Time: 02:47:26

Health: -4/159     AC: 50    Str: 33    XL:     18   Next: 0%
Magic:  17/28      EV:  8    Int: 13    God:    Lugonu [****..]
Gold:   1098       SH: 17    Dex: 17    Spells: 17/17 levels left

rFire    + + .     SeeInvis +   D - +6 double sword of Peckupua {drain, Fly rCorr Str+6 Dex+4}
rCold    + . .     Faith    .   u - +3 kite shield {rC+}
rNeg     + . .     Spirit   .   x - +12 plate armour of the Leaf {rElec Will+}
rPois    +         Reflect  .   U - +0 mask of the Dragon {Will+ Slay+3 SInv}
rElec    +         Harm     .   (no cloak)
rCorr    +         Rampage  .   V - +2 pair of gloves {archery}
Will     ++++.                  T - +10 Black Knight's barding {ponderous, rPois rN+}
Stlth    ..........             M - amulet of regeneration
HPRegen  1.36/turn              p - ring of Freedom {rPois rF+ Str+6 Dex+3}
MPRegen  0.21/turn              q - ring of willpower

@: weakened, unable to read, flying, studying Fighting, curled up, slow
A: large, rugged brown scales 3, see invisible, deformed body, roll 1, armoured
tail, reflexive curl, stinger 1, fire resistance 1, sense surroundings 1, weak
1, wild magic 1, inability to read while threatened
a: Rolling Charge, Renounce Religion, Depart the Abyss, Bend Space, Banish,
Corrupt


You were on level 4 of the Snake Pit.
You worshipped Lugonu.
Lugonu was greatly pleased with you.
You visited 4 branches of the dungeon, and saw 27 of its levels.
You visited the Abyss 3 times.

You collected 3453 gold pieces.
You spent 2355 gold pieces at shops.

Inventory:

Hand Weapons
 D - the +6 double sword of Peckupua (weapon) {drain, Fly rCorr Str+6 Dex+4}
   (You acquired it on level 7 of the Dungeon)

   A truly terrible weapon, it drains the life of any living foe it strikes.
   Str:       It affects your strength (+6).
   Dex:       It affects your dexterity (+4).
   Fly:       It grants you flight.
   rCorr:     It protects you from acid and corrosion.
Missiles
 j - 136 poisoned darts
 l - 39 boomerangs (quivered)
 A - 2 atropa-tipped darts
 B - a javelin
 X - a throwing net
Armour
 b - a +2 tower shield
 c - a +1 helmet
 f - a +4 barding of cold resistance
 n - a +1 plate armour of poison resistance
 u - a +3 kite shield of cold resistance (worn)
 v - a +0 pair of gloves
 x - the +12 plate armour of the Leaf (worn) {rElec Will+}
   (You found it on level 6 of the Lair of Beasts)

   rElec:     It insulates you from electricity.
   Will:      It increases your willpower.
 T - the +10 Black Knight's barding (worn) {ponderous, rPois rN+}
   (You bought it in a shop on level 1 of the Snake Pit)

   rPois:     It protects you from poison.
   rN:        It protects you from negative energy.
 U - the +0 mask of the Dragon (worn) {Will+ Slay+3 SInv}
   (You found it on level 2 of the Snake Pit)

   Slay:      It affects your accuracy & damage with ranged weapons and melee
   (+3).
   SInv:      It lets you see invisible.
   Will:      It increases your willpower.
 V - a +2 pair of gloves of archery (worn)
Jewellery
 i - a ring of protection from fire
 o - a ring of positive energy
 p - the ring of Freedom (left hand) {rPois rF+ Str+6 Dex+3}
   (You acquired it on level 11 of the Dungeon)

   [ring of strength]

   Str:       It affects your strength (+6).
   Dex:       It affects your dexterity (+3).
   rF:        It protects you from fire.
   rPois:     It protects you from poison.
 q - a ring of willpower (right hand)
 s - a +4 ring of protection
 C - a +4 ring of evasion
 E - a ring of protection from cold
 G - a ring of protection from cold
 I - a ring of positive energy
 M - an amulet of regeneration (around neck)
 P - a ring of fire
 Q - a +6 ring of dexterity
 W - a ring of poison resistance
Wands
 g - a wand of digging (5)
 z - a wand of flame (28)
 R - a wand of paralysis (6)
 Y - a wand of charming (5)
Scrolls
 a - 2 scrolls of amnesia
 d - 2 scrolls of magic mapping
 m - 5 scrolls of identify
 Z - a scroll of teleportation
Potions
 h - 3 potions of brilliance
 k - a potion of cancellation
 r - a potion of lignification
 t - 7 potions of flight
 w - 4 potions of curing
 F - a potion of ambrosia
 H - 3 potions of magic
Miscellaneous
 N - a phial of floods


   Skills:
 * Level 15.3 Fighting
 * Level 13.5 Long Blades
 * Level 5.4(7.5) Axes
 - Level 5.7(7.1) Maces & Flails
 - Level 4.7(6.1) Polearms
 - Level 3.1(6.0) Staves
 + Level 6.7 Throwing
 - Level 8.9 Armour
 * Level 9.3 Dodging
 * Level 10.8 Shields
 * Level 13.9 Invocations
 + Level 5.3 Evocations


You had 17 spell levels left.
You didn't know any spells.
Your spell library contained the following spells:

 Spells                   Type           Power      Damage    Failure   Level
 Apportation              Tloc           0%         N/A       93%         1
 Magic Dart               Conj           0%         1d3       93%         1
 Sandblast                Erth           0%         2d4       93%         1
 Call Imp                 Summ           0%         N/A       98%         2
 Dazzling Flash           Conj/Hex       0%         N/A       100%        3
 Mephitic Cloud           Conj/Pois/Air  0%         N/A       100%        3
 Summon Guardian Golem    Hex/Summ       0%         N/A       100%        3
 Fulminant Prism          Conj/Hex       0%         3d6       100%        4
 Hailstorm                Conj/Ice       0%         3d3       100%        4
 Ice Form                 Ice/Tmut       0%         N/A       100%        4
 Iskenderun's Mystic Bla  Conj/Tloc      0%         2d3       100%        4
 Leda's Liquefaction      Hex/Erth       0%         N/A       100%        4
 Alistair's Intoxication  Tmut/Pois      0%         N/A       100%        5
 Bolt of Magma            Conj/Fire/Erth 0%         4d4       100%        5
 Freezing Cloud           Conj/Ice/Air   0%         6-21      100%        5
 Lee's Rapid Deconstruct  Erth           0%         3d5*      100%        5
 Invisibility             Hex            0%         N/A       100%        6
 Simulacrum               Ice/Necr       0%         N/A       100%        6
 Starburst                Conj/Fire      0%         6d3       100%        6
 Statue Form              Tmut/Erth      0%         N/A       100%        6
 Orb of Destruction       Conj           0%         N/A       100%        7
 Spellforged Servitor     Conj/Summ      0%         N/A       100%        7
 Chain Lightning          Conj/Air       0%         N/A       100%        9
 Polar Vortex             Ice            0%         N/A       100%        9


Dungeon Overview and Level Annotations

Branches:
Dungeon (15/15)            Temple (0/1) D:5            Lair (6/6) D:8
 Shoals (0/4) Lair:2        Snake (4/4) Lair:2          Orc (2/2) D:9
    Elf (0/3) Orc:2        Vaults (0/5) D:13         Depths (0/5) D:15
  Slime: Lair:5-6

Altars:
Ashenzari
Fedhas
Gozag
Okawaru
Sif Muna
Uskayaw
Vehumet
Wu Jian
Xom
Yredelemnul
The Shining One
Lugonu

Shops:
Orc:2 ::?*   Snake:1 [   Snake:2 [(

Annotations:
D:3 3 runed translucent doors, sigtrap's ghost, amateur DjCj
D:11 corrupted
D:13 3 runed translucent doors
D:15 exclusion: ice statue
Lair:1 corrupted
Lair:4 corrupted
Lair:6 corrupted
Snake:2 corrupted
Snake:3 corrupted
Snake:4 corrupted
Orc:2 corrupted
Abyss:1 Maggie


Innate Abilities, Weirdness & Mutations

You are completely covered in rugged brown scales. (AC +3, +7% HP)
You have supernaturally acute eyesight. (SInv)
Armour fits poorly on your strangely shaped body.
You can roll at nearby foes to attack.
You have a long armoured tail.
You curl defensively after being hit.
Your tail ends in a poisonous barb.
Your flesh is heat resistant. (rF+)
You passively map a small area around you.
You are weak. (Str -2)
Your spells are a little harder to cast, but a little more powerful.
You sometimes lose the ability to read scrolls when taking damage.


Message History

The salamander mystic barely misses you.
You riposte.
You slash the salamander mystic! You drain the salamander mystic!
The salamander mystic is heavily wounded.
Space bends sharply around you!
The salamander mystic blinks!
The salamander blinks!
The naga mage blinks!
The naga mage loses its grip on you.
The guardian serpent blinks!
You blink.
You feel very sick.
The slime creature changes into a bunyip!
The nagaraja closely misses you.
The salamander tyrant hits you but does no damage.
The guardian serpent casts a spell at something.
The naga blinks!
The naga mage blinks!
The salamander mystic blinks! x2
The salamander mystic hits you with a +0 quarterstaff!
* * * LOW HITPOINT WARNING * * *
You are engulfed in flames.
You resist.
* * * LOW HITPOINT WARNING * * *
The small abomination hits the salamander but does no damage.
The naga barely misses you. You block the naga's attack.
The cyan very ugly thing pecks the naga sharpshooter!
The naga sharpshooter dies!
You block the nagaraja's attack.
The salamander tyrant hits you but does no damage.
The naga mage spits poison at you. The splash of poison hits you.
You are lethally poisoned!
You resist.
* * * LOW HITPOINT WARNING * * *
Unknown command.
Okay, then.
Okay, then.
You cannot read scrolls in your current state!
Unknown command.
You feel better.
You block the salamander mystic's attack.
The nagaraja hits you but does no damage.
The salamander tyrant gazes fiercely through you!
You feel as though you will be weak longer.
The salamander tyrant hits you but does no damage.
The naga hits you with a +1 war axe of electrocution!!
You die...

**####* ***,,φ..### **,,,,,....##
#,,,,###....# ##.,,##.##...##
#...##..N##§..#
########.....§NN@N...##**********
#..##.#.....8§SN8N§...#,,,,,**,,,
#..##.#..⌠....§N.S§⌠§.#,,,,,**,,,
#..+..#.....8.N.8N....#,,,,,**,,,
#..##.#....N..x..X....#,,,,,**,,,
......#.....8.N§#...u.#**,<,,,,,*
#...###...⌠...x#.)#.X)# *,,,,,,,*
#....#*.....8...8..Xx.# *,,,,,,,*
#....#.#......#Xs....X# *,,,,****


You could see a naga warrior (fast, strong), a nagaraja (fast, curare), a
salamander tyrant (fast, strong), 3 salamander mystics, 3 salamanders, 2
guardian serpents, a naga mage (fast, strong, catching breath), a naga (strong,
catching breath), 2 neutral starcursed masses, a neutral cyan very ugly thing
(summoned), a neutral bunyip shaped shifter (summoned), a neutral thrashing
horror (summoned) and 2 neutral small abominations.

Vanquished Creatures
  5 tentacled starspawn
  Agnes (D:15)
  4 nagarajas
  A frost giant (D:15)
  An orc warlord (D:9)
  Louise (D:15)
  A balrug (Abyss:3)
  A cacodemon (Abyss:2)
  Aizul (Snake:3)
  5 very ugly things (Abyss:3)
  A stone giant (D:15)
  A blizzard demon (Abyss:3)
  A great orb of eyes (Abyss:3)
  A rakshasa (Abyss:3)
  An ogre mage (D:13)
  4 vault guards (D:13)
  2 salamander tyrants
  10 naga warriors
  12 hydras
  12 anacondas
  2 boulder beetles
  A catoblepas (Lair:6)
  6 centaur warriors
  A death knight (D:13)
  3 two-headed ogres
  12 death yaks (Lair:6)
  A deep troll shaman (Lair:6)
  5 thrashing horrors (Abyss:3)
  2 tengu warriors
  8 shock serpents
  Nergalle (D:12)
  8 naga sharpshooters
  A sun demon (Abyss:3)
  2 wretched stars (Abyss:3)
  5 skeletal warriors
  A salamander mystic (Snake:4)
  A quicksilver dragon simulacrum (Abyss:1)
  6 naga ritualists
  2 orc knights
  A deep elf pyromancer (D:12)
  12 mana vipers
  9 salamanders
  5 cyclopes
  An orc sorcerer (Abyss:3)
  A worldbinder (Abyss:3)
  2 ugly things
  2 merfolk sirens (Lair:2)
  5 manticores
  17 elephants
  34 black mambas
  8 guardian serpents
  18 naga magi
  2 torpor snails
  2 apocalypse crabs
  19 cane toads
  A smoke demon (Abyss:3)
  2 orange demons (Abyss:2)
  A cane toad (shapeshifter) (Abyss:3)
  An unseen horror (D:12)
  3 rime drakes
  2 kobold demonologists
  3 efreet
  A yaktaur (D:13)
  8 komodo dragons
  A tengu conjurer (D:13)
  A red devil (Abyss:3)
  6 trolls
  A merfolk (Lair:2)
  A wind drake (D:15)
  7 polar bears
  A hornet (D:11)
  34 blink frogs
  Grinder (D:3)
  12 slime creatures
  12 dream sheep
  5 raiju (Abyss:3)
  Sigmund (D:4)
  An ettin skeleton (Abyss:1)
  A flying skull (Abyss:3)
  3 ynoxinuls
  2 shadows
  2 wraiths
  8 wyverns
  A steam dragon (D:10)
  57 yaks
  5 fire bats
  A human (D:13)
  7 chaos spawn
  12 vampire mosquitoes
  6 basilisks
  2 neqoxecs (Abyss:3)
  26 nagas
  5 wargs
  16 water moccasins
  2 acid dragons
  5 large abominations
  19 orc warriors
  An ice beast (D:6)
  An ice beast (shapeshifter) (D:12)
  3 black bears
  A sky beast (D:5)
  A necrophage (D:6)
  A boggart (D:9)
  6 ogres
  9 wolves
  12 centaurs
  A rime drake zombie (D:8)
  A phantom (D:4)
  10 kobold brigands
  15 bullfrogs
  2 gnoll sergeants
  2 scorpions
  5 small abominations
  A water moccasin zombie (D:7)
  A hornet simulacrum (D:15)
  2 wyvern skeletons
  A water moccasin skeleton (D:7)
  7 killer bees (D:9)
  7 wights
  4 howler monkeys
  2 centaur zombies
  4 crimson imps (D:8)
  A jelly (D:4)
  2 quasits (Abyss:3)
  10 orc priests
  5 starcursed masses (Abyss:1)
  A hound (D:6)
  2 centaur skeletons (D:7)
  An iguana (D:5)
  19 orc wizards
  A hound skeleton (D:4)
  Robin (D:3)
  11 gnolls
  2 howler monkey skeletons
  A howler monkey zombie (D:7)
  5 adders
  8 white imps
  4 ufetubi
  An adder skeleton (D:4)
  3 worms
  2 dart slugs
  78 orcs
  6 endoplasms
  4 giant cockroaches
  15 goblins
  15 hobgoblins
  4 jackals (D:1)
  A quokka (D:2)
  6 ball pythons
  4 bats
  3 frilled lizards
  33 kobolds
  5 rats
  6 starspawn tentacles
918 creatures vanquished.

Vanquished Creatures (collateral kills)
  A deep elf pyromancer (D:12)
1 creature vanquished.

Vanquished Creatures (others)
  3 nagarajas (Snake:4)
  Donald (Snake:2)
  An orc warlord (Orc:2)
  7 hydras
  6 naga warriors
  4 ogre magi (Orc:2)
  16 two-headed ogres (Orc:2)
  5 naga sharpshooters
  A salamander mystic (Snake:2)
  2 naga ritualists
  An orc knight (D:11)
  A salamander (Snake:2)
  4 oklob plants (Lair:6)
  4 naga magi
  A black mamba (Snake:3)
  An elephant (Lair:6)
  4 guardian serpents
  3 cane toads (Lair:6)
  2 komodo dragons (Lair:6)
  A troll (Orc:2)
  A polar bear (Lair:6)
  10 blink frogs
  6 yaks
  A spatial vortex (Lair:6)
  A warg (Orc:2)
  16 nagas
  4 water moccasins
  6 orc warriors
  18 ogres (Orc:2)
  A bullfrog (Lair:1)
  4 small abominations (Abyss:4)
  An orc priest (Orc:2)
  3 orc wizards (Orc:2)
  16 orcs
  8 foxfires (Lair:6)
  47 fungi
  A lurking horror (Abyss:4)
  60 plants
  30 starspawn tentacles
302 creatures vanquished.

Grand Total: 1221 creatures vanquished

Notes
Turn   | Place    | Note
-------+----------+-------------------------------------------
     0 | Abyss:1  | tkbsonic5 the Palentonga Abyssal Knight began the quest for
                  | the Orb.
     0 | Abyss:1  | Reached XP level 1. HP: 19/19 MP: 2/2
    78 | Abyss:1  | Noticed a sun demon
    79 | D:1      | Escaped the Abyss
   140 | D:1      | Found a faded altar of an unknown god.
   172 | D:1      | Identified a scroll of acquirement
   172 | D:1      | Acquired a +0 barding of cold resistance
   214 | D:1      | Reached * piety under Lugonu
   218 | D:1      | Reached XP level 2. HP: 21/25 MP: 3/3
   447 | D:1      | Reached XP level 3. HP: 30/31 MP: 5/5
   884 | D:2      | Reached ** piety under Lugonu
   917 | D:1      | Reached skill level 1 in Staves
  1052 | D:2      | Reached XP level 4. HP: 23/39 MP: 6/6
  1444 | D:2      | Found a hide-covered altar of Uskayaw.
  2412 | D:3      | Noticed Grinder
  2435 | D:3      | Killed Grinder
  2436 | D:3      | Reached skill level 4 in Fighting
  2436 | D:3      | Reached XP level 5. HP: 28/46 MP: 6/8
  2436 | D:3      | Reached XP level 6. HP: 31/52 MP: 6/9
  2579 | D:3      | Found a runed translucent gate.
  2584 | D:3      | Found a runed translucent gate.
  2584 | D:3      | Found a runed translucent gate.
  2585 | D:3      | Noticed sigtrap's ghost (amateur DjCj)
  2712 | D:3      | Noticed Robin
  2715 | D:3      | Killed Robin
  2941 | D:3      | Found an ornate altar of the Wu Jian Council.
  3196 | D:4      | Reached *** piety under Lugonu
  3210 | D:4      | Gained mutation: Your spells are a little harder to cast,
                  | but a little more powerful. [potion of mutation]
  3210 | D:4      | Gained mutation: Your flesh is heat resistant. (rF+)
                  | [potion of mutation]
  3210 | D:4      | Gained mutation: Your tail ends in a poisonous barb.
                  | [potion of mutation]
  3223 | D:4      | Reached skill level 1 in Polearms
  3441 | D:4      | Acquired 895 gold pieces
  3482 | D:4      | Reached skill level 5 in Fighting
  3482 | D:4      | Reached skill level 5 in Invocations
  3483 | D:4      | Noticed Sigmund
  3490 | D:4      | Killed Sigmund
  3491 | D:4      | Gained mutation: You curl defensively after being hit.
                  | [Palentonga growth]
  3491 | D:4      | Reached XP level 7. HP: 59/59 MP: 5/11
  3713 | D:4      | Acquired a +2 kite shield of cold resistance
  3992 | D:5      | Entered Level 5 of the Dungeon
  4056 | D:5      | Found a staircase to the Ecumenical Temple.
  4541 | D:5      | Found an iron altar of Okawaru.
  4541 | D:5      | Found a basalt altar of Yredelemnul.
  4572 | D:5      | Reached XP level 8. HP: 57/68 MP: 12/12
  4575 | D:5      | Reached skill level 6 in Fighting
  4575 | D:5      | Reached skill level 1 in Shields
  4725 | D:5      | Found a blossoming altar of Fedhas.
  5394 | D:5      | Found a shimmering altar of Xom.
  5395 | D:5      | Found a shimmering blue altar of Sif Muna.
  5621 | D:6      | Noticed Maggie
  5627 | D:6      | Banished Maggie
  5745 | D:6      | Reached skill level 1 in Maces & Flails
  6276 | D:6      | Found an opulent altar of Gozag.
  6718 | D:6      | Reached XP level 9. HP: 60/75 MP: 14/14
  7246 | D:7      | Reached skill level 7 in Fighting
  7246 | D:7      | Reached skill level 1 in Throwing
  8420 | D:7      | Acquired the +6 double sword of Peckupua {drain, Fly rCorr
                  | Str+6 Dex+4}
  8576 | D:8      | Noticed an elephant
  8582 | D:8      | Killed an elephant
  8583 | D:8      | Reached skill level 1 in Long Blades
  8676 | D:7      | Reached **** piety under Lugonu
  8726 | D:8      | Reached XP level 10. HP: 76/85 MP: 16/16
  8799 | D:8      | Found a staircase to the Lair.
  9224 | D:8      | Found a glowing golden altar of the Shining One.
  9892 | D:8      | Reached skill level 8 in Fighting
  9965 | D:9      | Found a staircase to the Orcish Mines.
 11069 | D:9      | Identified the +1 robe of Gravity {rCorr Int-2 Slay+3
                  | Archmagi}
 11070 | D:9      | Noticed a manticore
 11185 | D:9      | Noticed a two-headed ogre
 11186 | D:9      | Reached ***** piety under Lugonu
 11186 | D:9      | Banished a two-headed ogre
 11226 | D:9      | Killed a manticore
 12103 | D:10     | Entered Level 10 of the Dungeon
 12138 | D:10     | Reached XP level 11. HP: 89/93 MP: 17/17
 12189 | D:10     | Found a broken altar of Ashenzari.
 12231 | D:10     | Reached skill level 5 in Long Blades
 12235 | D:10     | Reached skill level 5 in Maces & Flails
 12354 | D:10     | Reached skill level 9 in Fighting
 12362 | D:10     | Noticed a two-headed ogre
 12382 | D:10     | Killed a two-headed ogre
 12411 | D:10     | Reached skill level 1 in Dodging
 12899 | D:10     | Found a radiant altar of Vehumet.
 13622 | D:11     | Noticed an orc knight
 13639 | D:11     | Corrupted D:11
 13639 | D:11     | Noticed a thrashing horror
 13639 | D:11     | Noticed a lorocyproca
 13639 | D:11     | Noticed a tentacled starspawn
 13639 | D:11     | Noticed a bone dragon
 13639 | D:11     | Noticed a tentacled starspawn
 13639 | D:11     | Noticed a tentacled starspawn
 13639 | D:11     | Noticed a death drake
 13639 | D:11     | Noticed a glowing orange brain
 13640 | D:11     | Noticed a glowing orange brain
 13641 | D:11     | Noticed a bog body
 13641 | D:11     | Noticed a bog body
 13641 | D:11     | Noticed a starcursed mass
 13643 | D:11     | Killed an orc knight
 13644 | D:11     | Noticed a purple very ugly thing
 13683 | D:11     | Noticed a lorocyproca
 14162 | D:11     | Noticed a centaur warrior
 14162 | D:11     | Noticed a centaur warrior
 14169 | D:11     | Killed a centaur warrior
 14170 | D:11     | Reached skill level 5 in Shields
 14170 | D:11     | Killed a centaur warrior
 14531 | D:11     | Noticed a cyan ugly thing
 14532 | D:11     | Noticed a thrashing horror
 14533 | D:11     | Found a corrupted altar of Lugonu.
 14537 | D:11     | Acquired the ring of Freedom {rPois rF+ Str+6 Dex+3}
 14543 | D:11     | Noticed an orb spider
 14543 | D:11     | a queen bee changed into an orb spider
 14686 | Lair:1   | Entered Level 1 of the Lair of Beasts
 14686 | Lair:1   | Noticed an eight-headed hydra
 14692 | Lair:1   | Killed a ten-headed hydra
 15141 | Lair:1   | Noticed a six-headed hydra
 15164 | Lair:1   | Banished a nine-headed hydra
 15165 | Lair:1   | Reached XP level 12. HP: 16/103 MP: 14/19
 15520 | Lair:1   | Found a broken altar of Ashenzari.
 15544 | Lair:1   | Reached skill level 10 in Fighting
 15549 | Lair:1   | Reached skill level 10 in Invocations
 16107 | Lair:1   | Corrupted Lair:1
 16107 | Lair:1   | Noticed a starcursed mass
 16107 | Lair:1   | Noticed a cacodemon
 16107 | Lair:1   | Noticed a rakshasa
 16108 | Lair:1   | Noticed a balrug
 16894 | Lair:2   | Noticed a four-headed hydra
 16907 | Lair:2   | Killed a nine-headed hydra
 16908 | Lair:2   | Reached skill level 5 in Armour
 17380 | Lair:2   | Found a staircase to the Snake Pit.
 18060 | Lair:2   | Noticed a seven-headed hydra
 18067 | Lair:2   | Killed a ten-headed hydra
 18068 | Lair:2   | Reached XP level 13. HP: 68/111 MP: 20/20
 18551 | Lair:2   | Found a staircase to the Shoals.
 18611 | Lair:3   | Found a gate leading to a gauntlet.
 19212 | Lair:3   | Found a dark tunnel.
 19343 | Lair:3   | Reached skill level 5 in Dodging
 20263 | Lair:4   | Reached skill level 5 in Throwing
 21355 | Lair:4   | Corrupted Lair:4
 21355 | Lair:4   | Noticed a white draconian
 21355 | Lair:4   | Noticed a starcursed mass
 21355 | Lair:4   | Noticed a tentacled starspawn
 21357 | Lair:4   | Noticed a starcursed mass
 21357 | Lair:4   | Noticed a starcursed mass
 21358 | Lair:4   | Noticed a balrug
 21474 | Lair:4   | Noticed a tentacled starspawn
 21646 | Lair:5   | You are sucked into a shaft and drop 1 floor!
 21646 | Lair:6   | Entered Level 6 of the Lair of Beasts
 21813 | Lair:6   | Corrupted Lair:6
 21813 | Lair:6   | Noticed a tentacled starspawn
 21813 | Lair:6   | Noticed a tentacled starspawn
 21913 | Lair:6   | Reached skill level 11 in Fighting
 21986 | Lair:6   | Reached XP level 14. HP: 91/120 MP: 21/21
 22061 | Lair:6   | Reached skill level 10 in Long Blades
 23148 | Lair:6   | Got Sif Muna's Reference Book on Earthen Attacks
 23159 | Lair:6   | Identified the +12 plate armour of the Leaf {rElec Will+}
 25027 | D:12     | Reached XP level 15. HP: 41/128 MP: 23/23
 25324 | D:12     | Noticed Nergalle
 25333 | D:12     | Killed Nergalle
 26141 | D:13     | Reached skill level 12 in Fighting
 26143 | D:13     | Reached skill level 1 in Evocations
 26540 | D:13     | Paralysed by an ogre mage for 5 turns
 26777 | D:13     | Found a gate to the Vaults.
 27079 | D:13     | Found a runed translucent gate.
 27080 | D:13     | Found a runed translucent gate.
 27080 | D:13     | Found a runed translucent gate.
 28775 | D:15     | Entered Level 15 of the Dungeon
 28784 | D:15     | Noticed a frost giant
 28792 | D:15     | Killed a frost giant
 28906 | D:15     | Noticed Agnes
 28918 | D:15     | Killed Agnes
 28989 | D:15     | Noticed Louise
 28999 | D:15     | Killed Louise
 29464 | D:15     | Reached ****** piety under Lugonu
 29558 | D:15     | Found a staircase to the Depths.
 29740 | Orc:1    | Entered Level 1 of the Orcish Mines
 29960 | Orc:2    | Entered Level 2 of the Orcish Mines
 29989 | Orc:2    | Noticed an orc warlord
 30039 | D:9      | Killed an orc warlord
 30122 | Orc:2    | Found a staircase to the Elven Halls.
 30129 | Orc:2    | Corrupted Orc:2
 30129 | Orc:2    | Noticed a tentacled starspawn
 30129 | Orc:2    | Noticed a tentacled starspawn
 30145 | Orc:2    | Reached XP level 16. HP: 117/138 MP: 17/25
 30199 | Orc:2    | Found Pableub's Magic Scroll Shop.
 30199 | Orc:2    | Found Ipoas's Book Emporium.
 30199 | Orc:2    | Found Hiudgh's General Store.
 30199 | Orc:2    | Found Tempo's Book Shop.
 30205 | Orc:2    | Bought a scroll of enchant armour for 112 gold pieces
 30205 | Orc:2    | Bought a scroll of enchant armour for 112 gold pieces
 30205 | Orc:2    | Bought a scroll of acquirement for 780 gold pieces
 30205 | Orc:2    | Bought a scroll of teleportation for 45 gold pieces
 30205 | Orc:2    | Bought a scroll of blinking for 112 gold pieces
 30208 | Orc:2    | Acquired a manual of Fighting
 30904 | Snake:1  | Entered Level 1 of the Snake Pit
 30904 | Snake:1  | Found Viraenke's Armour Boutique.
 30971 | Snake:1  | Bought the +10 Black Knight's barding {ponderous, rPois
                  | rN+} for 887 gold pieces
 30971 | Snake:1  | Found the +10 Black Knight's barding {ponderous, rPois rN+}
 31144 | Snake:1  | Reached skill level 13 in Fighting
 31856 | Snake:2  | Found the +0 mask of the Dragon {Will+ Slay+3 SInv}
 31878 | Snake:2  | Found Tuomuvvoa's Weapon Emporium.
 31892 | Snake:2  | Found Ribugot's Antique Armour Emporium.
 31905 | Snake:2  | Bought a pair of runed gloves for 307 gold pieces
 31922 | Snake:2  | Noticed Donald
 31928 | Snake:2  | Corrupted Snake:2
 31928 | Snake:2  | Cast into level 3 of the Abyss (Donald)
 32027 | Abyss:3  | Gained mutation: You are weak. (Str -2) [a neqoxec]
 32104 | Snake:2  | Escaped the Abyss
 32115 | Snake:2  | Killed Donald
 33109 | Snake:3  | Reached skill level 10 in Shields
 33136 | Snake:3  | Reached skill level 14 in Fighting
 33363 | Snake:3  | Corrupted Snake:3
 33363 | Snake:3  | Noticed a tentacled starspawn
 33363 | Snake:3  | Noticed a tentacled starspawn
 33524 | Abyss:1  | Noticed a tentacled starspawn
 33539 | Abyss:1  | Killed a tentacled starspawn
 33679 | Abyss:2  | Gained mutation: You sometimes lose the ability to read
                  | scrolls when taking damage. [a cacodemon]
 33690 | Abyss:2  | Gained mutation: You passively map a small area around you.
                  | [a cacodemon]
 33780 | Abyss:3  | Reached XP level 17. HP: 148/148 MP: 26/26
 34951 | Snake:3  | Escaped the Abyss
 34962 | Snake:3  | Reached skill level 5 in Evocations
 35135 | Snake:3  | Noticed Aizul
 35156 | Snake:3  | Killed Aizul
 35157 | Snake:3  | Reached skill level 15 in Fighting
 35809 | Snake:4  | Entered Level 4 of the Snake Pit
 35970 | Snake:4  | Reached skill level 5 in Axes
 36305 | Snake:4  | Reached XP level 18. HP: 148/159 MP: 28/28
 36308 | Snake:4  | Corrupted Snake:4
 36316 | Snake:4  | HP: 5/159 [salamander mystic (3)]
 36317 | Snake:4  | Slain by a naga

Illustrated notes

Levels and vault maps discovered:
D:1:      wander_arrival_fairy_ring, layout_rooms,
          ebering_ecumenical_altar_abandoned
D:2:      layout_basic, basic_altar, minmay_misc_feat_columns
D:3:      layout_loops_ring, nzn_wu_jian_council_hall, gammafunk_ghost_split,
          uniq_grinder, uniq_robin
D:4:      layout_cave_pools, minmay_door_square, uniq_sigmund
D:5:      layout_layer_cave, nicolae_overflow_hidden_temple, lemuel_round_altar,
          minmay_temple_entry_butterflies, st_stairs_10
D:6:      layout_basic, mainiacjoe_overflow_concentric_impassable, uniq_maggie
D:7:      layout_cave_pools, serial_park, serial_park_square3
          [serial_park_minivault_5x5_2], serial_park_tiny_pond,
          serial_park_tiny_1, serial_park_square2, serial_park_square1
          [serial_park_minivault_5x5_5]
D:8:      layout_basic, mainiacjoe_overflow_paths, david_lair_generic,
          corexii_checkpoint_a, minmay_nine_imps
D:9:      layout_loops_corners, david_orc_2, minmay_mirror_moons_of_madness
D:10:     layout_gridville, nicolae_vehumet_altar_sigil, lemuel_crystal_altar
D:11:     gammafunk_corrupted_shrine, layout_long_grid, special_room
          [special_room_orc], minivault_20
D:12:     layout_rooms, kennysheep_generic_room_11, uniq_nergalle
D:13:     layout_irregular_city, grunt_vaults_entry_fortified,
          ploomutoo_gammafunk_ghost_potion_laboratory,
          chequers_serial_rivers_small_3
D:14:     layout_rooms
D:15:     grunt_enter_depths_snipers, layout_gridville,
          portal_ice_cave_entry_ice_statue_one, nicolae_water_bricks,
          uniq_agnes, uniq_louise
Lair:1:   layout_hall_layers, basic_altar, fungi_pond_lemuel, st_stairs_9,
          grunt_megastairs_5
Lair:2:   layout_regular_city, elwin_shoals_entry_stream,
          guppyfry_snake_entry_garden, st_stairs_9, beast_lair_carwin_2,
          grunt_megastairs_4
Lair:3:   layout_concentric_octagons, nicolae_volcano_entry_batcave,
          gauntlet_entry_generic
Lair:4:   layout_cave_pods, kennysheep_basilisk_garden
Lair:5:   nzn_winding_woodlands_stair_cross
          [nzn_winding_woodlands_5x15_sawtooth,
          nzn_winding_woodlands_center_pierced_h,
          nzn_winding_woodlands_5x15_crooked, nzn_winding_woodlands_5x5_cross,
          nzn_winding_woodlands_5x5_perimeter,
          nzn_winding_woodlands_5x15_default,
          nzn_winding_woodlands_center_lodge,
          nzn_winding_woodlands_5x15_lazy_stream], layout_regular_city,
          lemuel_fruit_tree, infiniplex_staircase_pool_2
Lair:6:   grunt_lair_end_beastmaster, layout_cave_pods,
          dpeg_slime_entry_enclosed_altar, minmay_lair_oklob_chamber,
          grunt_megastairs_1
Snake:1:  cheibrodos_forgotten_conduit, layout_onion, serial_shops,
          nicolae_shop_waterfront
Snake:2:  layout_rooms, minmay_shop_star, uniq_donald
Snake:3:  layout_cave_town, grunt_ministairs_13, uniq_aizul
Snake:4:  grunt_snake_rune_serpentine_throne, layout_grid_maze, serial_shops,
          shop, nicolae_diamond_shop, shop, shop
Orc:1:    layout_caves
Orc:2:    st_orc_ogre_mass, layout_caves

Skill      XL: |  1  2  3  4  5  6  7  8  9 10 11 12 13 14 15 16 17 |
---------------+----------------------------------------------------+-----
Invocations    | 3 4 5 6 7 8 9 10 11 12 13 | 13.9
Staves         | 1 2 3 |  3.1
Fighting       | 4 5 6 7 8 9 10 11 12 14 15 | 15.3
Polearms       | 2 3 4 |  4.7
Shields        | 3 4 5 6 7 8 9 10 | 10.8
Maces & Flails | 1 3 4 5 |  5.7
Throwing       | 1 3 4 5 6 |  6.7
Armour         | 2 3 4 5 6 7 8 |  8.9
Long Blades    | 2 4 6 8 9 11 12 13 | 13.5
Dodging        | 2 4 5 6 7 8 9 |  9.3
Evocations     | 2 4 5 |  5.3
Axes           | 3 5 |  5.4

Action                   |  1- 3 |  4- 6 |  7- 9 | 10-12 | 13-15 | 16-18 || total
-------------------------+-------+-------+-------+-------+-------+-------++-------
Melee: Hand axe          |    75 |    10 |       |       |       |       ||    85
       Tailslap          |     5 |    11 |    30 |   104 |   271 |   242 ||   663
       Lajatang          |    25 |    66 |       |       |       |       ||    91
       War axe           |       |    12 |     1 |       |       |       ||    13
       Trident           |       |    43 |   127 |     6 |       |       ||   176
       Flail             |       |       |   139 |       |       |       ||   139
       Mace              |       |       |    47 |     7 |       |       ||    54
       Double sword      |       |       |    22 |   450 |   978 |   913 ||  2363
       Dire flail        |       |       |       |   133 |       |       ||   133
Throw: Dart              |       |    10 |    12 |    20 |    25 |       ||    67
       Boomerang         |       |       |    61 |    36 |   128 |   125 ||   350
       Javelin           |       |       |       |       |    11 |       ||    11
       Throwing net      |       |       |       |       |     2 |       ||     2
Invok: Depart the Abyss  |     1 |       |       |       |       |     1 ||     2
       Bend Space        |     3 |       |     6 |    10 |    34 |    48 ||   101
       Banish            |       |     1 |     3 |     5 |     4 |     3 ||    16
       Corrupt           |       |       |       |     2 |     3 |     3 ||     8
       Enter the Abyss   |       |       |       |       |       |     1 ||     1
 Abil: Rolling Charge    |    11 |    21 |    23 |    43 |    34 |       ||   132
Evoke: Phial of floods   |       |       |       |     2 |     4 |     2 ||     8
       Wand              |       |       |       |    30 |    39 |     7 ||    76
  Use: Scroll            |     4 |     3 |    11 |    16 |    15 |    16 ||    65
       Potion            |     1 |     2 |     3 |     6 |     4 |     8 ||    24
 Stab: Invisible         |       |       |       |       |       |     1 ||     1
Armor: Leather armour    |    21 |       |       |       |       |       ||    21
       Ring mail         |    42 |    60 |   130 |       |       |       ||   232
       Skin              |    12 |       |    22 |     2 |       |       ||    36
       Plate armour      |       |       |   148 |   598 |   759 |   580 ||  2085
Dodge: Dodged            |    40 |    34 |    36 |    88 |   204 |   192 ||   594
Block: Kite shield       |       |       |   248 |   387 |   730 |   830 ||  2195
       Rpst.: Double sword |       |       |     2 |    19 |    40 |    34 ||    95
